 Dungeon Crawl Stone Soup version 0.30.1-11-g7821555f0a (webtiles) character file.

Game seed: 5652866263308242064

2377 comborobin the Carver (level 9, -1/66 HPs)
             Began as a Barachi Delver on Dec 23, 2023.
             Slain by an orc warrior
             ... wielding a +0 long sword
              (7 damage)
             ... on level 8 of the Dungeon.
             The game lasted 00:05:24 (8167 turns).

comborobin the Carver (Barachi Delver)              Turns: 8167, Time: 00:05:25

Health: -1/66      AC: 10    Str: 13    XL:     9   Next: 45%
Magic:  9/9        EV: 10    Int: 17    God:
Gold:   395        SH:  0    Dex: 18    Spells: 6/8 levels left

rFire   + . .        a - +4 scimitar
rCold   . . .        (no shield)
rNeg    . . .        x - +1 scale mail {rF+}
rPois   .            f - +0 helmet
rElec   .            G - +0 cloak
rCorr   .            v - +0 pair of gloves
SInv    .            (no boots)
Will    .....        w - amulet of faith
Stlth   ++           h - +6 ring of intelligence
HPRegen 0.31/turn    A - ring of wizardry
MPRegen 0.11/turn

%: clarity, faith, wizardry (x1)
@: brilliant, flying, hasted, quick
A: amphibious, slowness 1, strong legs 1, +LOS, clarity
a: Hop


You were on level 8 of the Dungeon.
You visited 2 branches of the dungeon, and saw 9 of its levels.

You collected 395 gold pieces.

Inventory:

Hand Weapons
 a - a +4 scimitar (weapon)
 u - a +1 flail of venom
 C - a +0 falchion
Missiles
 q - 2 poisoned darts
Armour
 b - a +0 leather armour
 f - a +0 helmet (worn)
 v - a +0 pair of gloves (worn)
 x - a +1 scale mail of fire resistance (worn)
 D - a scarf of invisibility
 G - a +0 cloak (worn)
Jewellery
 h - a +6 ring of intelligence (left hand)
 t - a ring of fire
 w - an amulet of faith (around neck)
 A - a ring of wizardry (right hand)
Wands
 g - a wand of digging (2)
 i - a wand of charming (12)
 H - a wand of acid (8)
Scrolls
 c - 3 scrolls of fog
 d - 2 scrolls of magic mapping
 e - 2 scrolls of fear
 j - 8 scrolls of identify {unknown}
 l - 3 scrolls of enchant weapon {unknown}
 m - a scroll of noise {unknown}
 o - a scroll of teleportation {unknown}
 r - 2 scrolls of amnesia {unknown}
 s - a scroll of torment {unknown}
 y - a scroll of immolation {unknown}
 B - 2 scrolls of vulnerability {unknown}
Potions
 k - 3 potions of might
 n - a potion of brilliance
 p - 2 potions of flight
 E - a potion of curing {unknown}


   Skills:
 - Level 4.6 Fighting
 + Level 13.9 Long Blades
 - Level 3.3 Dodging
 - Level 5.1 Stealth


You had 6 spell levels left.
You knew the following spells:

 Your Spells              Type           Power      Damage    Failure   Level
a - Blink                 Tloc           0%         N/A       54%         2

Your spell library contained the following spells:

 Spells                   Type           Power      Damage    Failure   Level
 Foxfire                  Conj/Fire      0%         2x1d4     41%         1
 Lesser Beckoning         Tloc           0%         N/A       54%         2
 Momentum Strike          Conj/Tloc      0%         3d8       54%         2
 Ignite Poison            Fire/Tmut/Pois 0%         N/A       77%         3
 Volatile Blastmotes      Fire/Tloc      0%         2d10      77%         3
 Animate Dead             Necr           0%         N/A       98%         4
 Borgnjor's Vile Clutch   Necr/Erth      0%         N/A       100%        5
 Death Channel            Necr           0%         N/A       100%        6
 Malign Gateway           Summ/Tloc      0%         N/A       100%        7
 Summon Horrible Things   Summ           0%         N/A       100%        8


Dungeon Overview and Level Annotations

Branches:
Dungeon (8/15)             Temple (1/1) D:5
   Lair: D:8-11

Altars:
Ashenzari
Dithmenos
Elyvilon
Fedhas
Gozag
Hepliaklqana
Kikubaaqudgha
Makhleb
Nemelex Xobeh
Okawaru
Qazlal
Ru
Sif Muna
Trog
Uskayaw
Vehumet
Wu Jian
Zin
The Shining One

Shops:
D:3 :


Innate Abilities, Weirdness & Mutations

You are amphibious.
You cover ground slowly.
You can hop short distances.
You have an extended range of vision and can be seen from far away.
You possess an exceptional clarity of mind.


Message History

The tengu warrior hits you with a +2 war axe.
The tengu warrior pecks you but does no damage.
The tengu warrior claws you.
You barely miss the tengu warrior.
The tengu warrior is almost dead.
The centaur barely misses you.
The centaur kicks you but does no damage.
The tengu warrior barely misses you.
The tengu warrior pecks you but does no damage.
The tengu warrior claws you.
You slash the tengu warrior!
You kill the tengu warrior!
The centaur hits you.
* * * LOW HITPOINT WARNING * * *
The centaur kicks you but does no damage.
Your Long Blades skill increases to level 13!
Unknown command.
You feel yourself speed up. The centaur misses you.
The centaur barely misses you.
The orc warrior hits you with a +0 long sword!
* * * LOW HITPOINT WARNING * * *
The centaur misses you. The centaur barely misses you.
Okay, then.
It was a potion of brilliance.
You feel clever all of a sudden.
The centaur hits you but does no damage.
The centaur misses you.
It was a potion of flight.
You feel very buoyant.
You fly up into the air.
A deep elf pyromancer comes into view. It is wielding a +0 rapier.
The orc warrior closely misses you.
The centaur hits you but does no damage.
The centaur barely misses you.
It was a potion of mutation.
You feel extremely strange.
Your thoughts seem clearer.
The deep elf pyromancer gestures wildly while chanting.
The deep elf pyromancer blinks!
The orc warrior hits you with a +0 long sword!
You die...

########....# ..#....#
###.#....# ..#.#....#
####.#.#....# ..#.#.#....#
#.#.#.#....# #o#.#.#....#
#@#†#.#...######## #
#c#.#.#........... #.##
§.#.#.#....######.
#...####.#.#....)).###.
#.####....)#.#...###).##.
#.....######.#...###.....
#.######.......#....##..###
#.......########.#..##...##
########.........#.!...#...


You could see an orc warrior and a centaur.

Vanquished Creatures
  A tengu warrior (D:8)
  A shadow (D:6)
  A water moccasin (D:7)
  An orc warrior (D:6)
  2 ogres (D:5)
  A black bear (D:7)
  A phantom (D:6)
  A bullfrog (D:8)
  2 scorpions
  A gnoll sergeant (D:8)
  A wight (D:8)
  2 howler monkeys (D:6)
  5 hounds
  2 jellies
  3 orc priests
  A sleepcap (D:5)
  Jessica (D:3)
  3 iguanas
  Natasha (D:3)
  3 orc wizards
  Robin (D:3)
  4 gnolls (D:8)
  4 adders
  A shadow imp (D:7)
  2 white imps
  2 ufetubi (D:6)
  4 dart slugs
  16 orcs
  4 bats
  6 endoplasms
  3 giant cockroaches
  6 hobgoblins
  9 jackals
  4 quokkas
  6 ball pythons
  15 goblins
  6 kobolds
  5 rats
132 creatures vanquished.

Notes
Turn   | Place    | Note
-------+----------+-------------------------------------------
     0 | D:5      | comborobin the Barachi Delver began the quest for the Orb.
     0 | D:5      | Reached XP level 1. HP: 18/18 MP: 1/1
     1 | D:6      | Noticed a hound
    26 | D:3      | Reached XP level 2. HP: 25/25 MP: 2/2
    78 | D:3      | Found a faded altar of an unknown god.
   193 | D:3      | Noticed Jessica
   204 | D:3      | Killed Jessica
   205 | D:3      | Reached skill level 3 in Long Blades
   205 | D:3      | Reached XP level 3. HP: 28/30 MP: 3/3
   221 | D:3      | Found a hazy altar of Hepliaklqana.
   345 | D:3      | Found Syahaiko's Book Emporium.
   352 | D:3      | Reached XP level 4. HP: 27/38 MP: 4/4
   411 | D:3      | Found an opulent altar of Gozag.
   411 | D:3      | Noticed Robin
   416 | D:3      | Reached skill level 5 in Stealth
   446 | D:3      | Found a stormy altar of Qazlal.
   704 | D:3      | Killed Robin
   781 | D:3      | Noticed Natasha
   786 | D:3      | Killed Natasha
   787 | D:3      | Reached XP level 5. HP: 43/43 MP: 5/5
  1494 | D:2      | Reached skill level 4 in Long Blades
  2507 | D:4      | Reached skill level 5 in Long Blades
  2507 | D:4      | Reached XP level 6. HP: 8/49 MP: 6/6
  2513 | D:4      | HP: 2/49 [poisoned by a scorpion]
  3367 | D:5      | Found a staircase to the Ecumenical Temple.
  3401 | Temple   | Entered the Ecumenical Temple
  3520 | D:5      | Reached skill level 6 in Long Blades
  3697 | D:5      | Reached skill level 7 in Long Blades
  3697 | D:5      | Reached XP level 7. HP: 24/55 MP: 7/7
  4201 | D:5      | Reached skill level 8 in Long Blades
  4575 | D:6      | Found a glowing golden altar of the Shining One.
  4895 | D:6      | Learned a level 2 spell: Blink
  4924 | D:6      | Reached skill level 9 in Long Blades
  4935 | D:6      | Reached XP level 8. HP: 29/61 MP: 8/8
  5250 | D:6      | Reached skill level 10 in Long Blades
  5404 | D:6      | Noticed a shadow
  5420 | D:6      | Killed a shadow
  5421 | D:6      | Reached skill level 11 in Long Blades
  5570 | D:6      | Got the Information on Flames
  6567 | D:7      | Found a shimmering blue altar of Sif Muna.
  6623 | D:7      | Reached skill level 12 in Long Blades
  7006 | D:7      | Found a bloodstained altar of Trog.
  7020 | D:7      | Found a white marble altar of Elyvilon.
  7929 | D:8      | Reached XP level 9. HP: 33/66 MP: 9/9
  8147 | D:8      | Noticed a tengu warrior
  8163 | D:8      | Killed a tengu warrior
  8164 | D:8      | Reached skill level 13 in Long Blades
  8166 | D:8      | Noticed a deep elf pyromancer
  8167 | D:8      | Gained mutation: You possess an exceptional clarity of
                  | mind. [potion of mutation]
  8167 | D:8      | Slain by an orc warrior

Illustrated notes

Levels and vault maps discovered:
D:1:      lemuel_arrival_rhombus, layout_basic, chequers_jeans
D:2:      layout_basic, grunt_ministairs_9
D:3:      layout_loops_cross, mainiacjoe_overflow_24_doors,
          gammafunk_temple_overflow_pools, serial_shops, shop,
          hellmonk_ecumenical_altar_zigzags, uniq_natasha, uniq_jessica,
          uniq_robin
D:4:      layout_loops_ring, hex_tiny
D:5:      layout_gridville, minmay_temple_entry_stoned_glass
D:6:      layout_gridville, nicolae_tso_carved_into_rock
D:7:      layout_layer_cave, mainiacjoe_overflow_catwalk, lemuel_tele_altar,
          nicolae_overflow_hidden_temple, nicolae_titane
D:8:      minmay_distorted_concentric_squares, layout_basic,
          dk_yredelemnul_ordeal, xom_teletrap_fun
Temple:   hc_temple_tempest_star

Skill      XL: |  1  2  3  4  5  6  7  8  9 |
---------------+----------------------------+-----
Fighting       | 4 |  4.6
Long Blades    | 3 5 7 9 12 13 | 13.9
Dodging        | 3 |  3.3
Stealth        | 5 |  5.1

Action                     |  1- 3 |  4- 6 |  7- 9 || total
---------------------------+-------+-------+-------++-------
  Melee: Falchion          |    33 |   255 |   119 ||   407
         Punch             |       |     3 |     1 ||     4
         Scimitar          |       |       |   136 ||   136
  Evoke: Wand              |       |     1 |       ||     1
    Use: Potion            |     1 |     5 |     6 ||    12
         Scroll            |       |     1 |       ||     1
   Stab: Sleeping          |     2 |    14 |     3 ||    19
         Distracted        |       |       |     1 ||     1
 Armour: Leather armour    |     9 |    83 |       ||    92
         Scale mail        |       |    15 |   122 ||   137
  Dodge: Dodged            |    20 |   174 |   151 ||   345
